AoeStats
← de one who is win this play

Arena

507359771Analyzed
3v3 RM · 15d ago on Sep 17, 2026· 46m 36s· 6 players
Game mode
Random Map
Map size
Normal (6 player)
Population
200
Speed
Normal
Resources
Standard
Victory
Conquest
Starting age
Dark Age
Ending age
Imperial Age
RankedLock teamsTeams togetherTeam positionsShared explorationLock speedFull tech treeHidden civsTurbo modeCheats
Victory
Defeat
🇹🇷 Huns · Türkiye
1183
+16
🇨🇴 Franks · Colombia
1116
+19
🇲🇽 Cumans · Mexico
1113
+19
🇹🇷 Franks · Türkiye
1222
-20
🇹🇷 Georgians · Türkiye
1204
-19
🇹🇷 Khmer · Türkiye
1109
-15
Bela
11:05 Feudal Age
14:14 Castle Age
12:36 Double-Bit Axe
20:26 Bow Saw
21:48 Loom
21:46 Horse Collar
23:35 Wheelbarrow
23:36 Heavy Plow
25:11 Hand Cart
27:13 Gold Mining
27:13 Stone Mining
31:34 Imperial Age
29:47 Gold Shaft Mining
29:48 Stone Shaft Mining
29:41 Fletching
29:52 Padded Archer Armor
30:23 Bodkin Arrow
30:27 Town Watch
31:10 Ballistics
32:04 Heavy Scorpion
32:47 Double Crossbow
33:08 Conscription
32:51 Bracer
33:06 Leather Archer Armor
34:01 Town Patrol
34:34 Crop Rotation
36:26 Chemistry
39:31 Ring Archer Armor
mdbm
9:07 Feudal Age
15:29 Castle Age
13:36 Double-Bit Axe
14:53 Stone Mining
18:41 Loom
21:06 Horse Collar
22:49 Bow Saw
29:48 Wheelbarrow
29:19 Heavy Plow
30:14 Gold Mining
31:16 Stone Shaft Mining
34:07 Imperial Age
32:56 Svan Towers
33:55 Hand Cart
33:27 Town Watch
34:40 Scale Barding Armor
34:45 Forging
34:49 Bloodlines
34:40 Husbandry
35:37 Conscription
37:28 Chain Barding Armor
39:01 Iron Casting
39:02 Plate Barding Armor
40:26 Crop Rotation
eneseymen8717
10:16 Feudal Age
11:10 Double-Bit Axe
12:47 Wheelbarrow
16:41 Castle Age
17:59 Bow Saw
24:19 Gold Mining
24:21 Stone Mining
25:33 Scale Barding Armor
26:22 Hand Cart
28:08 Town Watch
28:28 Loom
29:31 Forging
29:42 Chain Barding Armor
29:27 Husbandry
33:26 Imperial Age
31:52 Caravan
34:08 Iron Casting
33:23 Fletching
33:54 Fortified Wall
33:55 Masonry
33:41 Murder Holes
35:41 Chemistry
34:06 Cavalier
35:23 Plate Barding Armor
35:54 Blast Furnace
36:11 Gold Shaft Mining
35:40 Bodkin Arrow
36:52 Coinage
36:09 Paladin
37:13 Conscription
37:31 Pikeman
38:12 Squires
38:19 Scale Mail Armor
38:12 Halberdier
39:53 Chain Mail Armor
bulger97
11:28 Feudal Age
15:32 Castle Age
13:54 Double-Bit Axe
13:52 Horse Collar
16:55 Bow Saw
17:51 Heavy Plow
19:01 Loom
23:54 Scale Barding Armor
23:59 Forging
29:03 Imperial Age
27:33 Wheelbarrow
26:43 Town Watch
26:44 Loom
27:25 Marauders
27:33 Gold Mining
29:02 Gold Shaft Mining
28:41 Forging
28:52 Chain Barding Armor
29:29 Town Patrol
29:47 Hand Cart
29:33 Town Patrol
30:06 Conscription
30:29 Iron Casting
29:58 Husbandry
30:13 Bloodlines
31:38 Plate Barding Armor
30:50 Elite Tarkan
33:14 Blast Furnace
34:20 Two-Man Saw
de one who is win this play
11:26 Feudal Age
12:27 Double-Bit Axe
15:38 Castle Age
14:37 Stone Mining
14:38 Gold Mining
16:50 Loom
18:09 Bow Saw
23:33 Scale Barding Armor
25:10 Forging
25:54 Wheelbarrow
28:31 Husbandry
29:24 Iron Casting
31:13 Loom
31:48 Hand Cart
31:21 Town Watch
34:22 Imperial Age
31:39 Loom
32:56 Chain Barding Armor
35:02 Gold Shaft Mining
35:21 Chivalry
35:48 Conscription
36:10 Plate Barding Armor
35:07 Cavalier
37:48 Blast Furnace
36:58 Paladin
37:08 Light Cavalry
Barba_Tiesa
9:38 Feudal Age
8:07 Loom
10:32 Double-Bit Axe
11:40 Scale Barding Armor
11:59 Town Watch
15:49 Fletching
21:04 Wheelbarrow
20:42 Horse Collar
27:51 Castle Age
27:10 Bloodlines
27:13 Forging
27:58 Gold Mining
28:54 Hand Cart
28:50 Bow Saw
28:41 Heavy Plow
30:45 Chain Barding Armor
31:31 Gold Shaft Mining
33:26 Iron Casting
33:47 Capped Ram
39:50 Imperial Age
38:52 Stone Mining
40:53 Conscription
39:55 Cavalier
41:11 Plate Barding Armor
41:37 Blast Furnace
41:39 Two-Man Saw
41:09 Crop Rotation
44:15 Paladin
Connection lost

Rejoining the realm…

Still unreachable

The connection could not be restored.

Session expired

The server has moved on; the page needs a fresh start.